[Event "Early-Titled-Tuesday-Blitz-April-02-2024"]
[Site "Chess.com"]
[Date "2024.04.02"]
[Round "8"]
[White "javirec"]
[Black "Rosh1610"]
[Result "0-1"]
[WhiteElo "2270"]
[BlackElo "2446"]
[TimeControl "180+1"]
[EndTime "9:28:45 PDT"]
[Termination "Rosh1610 won on time"]

1. e4 e5 2. Nf3 Nc6 3. Bb5 a6 4. Ba4 Nf6 5. O-O Nxe4 6. Re1 Nc5 7. Bxc6 dxc6 8. Nxe5 Be7 9. d4 Ne6 10. c3 O-O 11. Nd2 Bf6 12. Ndf3 g6 13. Bh6 Ng7 14.
Nd2 Re8 15. Ne4 Be6 16. Nxf6+ Qxf6 17. Qd2 Nf5 18. Bg5 Qg7 19. Ng4 Kf8 20. Re5 h5 21.
Rxf5 Bxf5 22. Bh6 Bxg4 23. Bxg7+ Kxg7 24. f3 Bf5 25. Kf2 Re7 26. Re1 Rae8 27. Rxe7 Rxe7 28. h3 f6 29. g4 hxg4 30. hxg4 Be6 31. b3 g5 32. f4 Bxg4 33. Kg3 Re2 34. Qd3 f5 35. fxg5 Kg6 36. Kf4 Rf2+ 37. Ke5 Re2+ 38. Kf4 Kh5 39. d5 Re4+ 40. Kg3 f4+ 0-1

[Event "Early-Titled-Tuesday-Blitz-April-02-2024"]
[Site "Chess.com"]
[Date "2024.04.02"]
[Round "8"]
[White "abelmat"]
[Black "Knightmare1014"]
[Result "1-0"]
[WhiteElo "2131"]
[BlackElo "2296"]
[TimeControl "180+1"]
[EndTime "9:28:45 PDT"]
[Termination "abelmat won on time"]

1. d4 d5 2. c4 e6 3. Nf3 Nf6 4. Nc3 Be7 5. Bf4 O-O 6. e3 b6 7. cxd5 Nxd5 8. Nxd5 Qxd5 9. a3 c5 10. Bd3 Ba6 11. Bxa6 Nxa6 12. O-O cxd4 13. exd4 Rad8 14.
Qe2 Nb8 15. Rfd1 Bf6 16. Be5 Nd7 17. h3 Be7 18. Rac1 Nf6 19. Rc7 Rd7 20. Rdc1 h6 21. Qa6 Bd8 22. Rxa7 Rxa7 23. Qxa7 Qb3 24. Rc8 Ne4 25. Qd7 Qd1+ 26. Kh2 Nxf2 27. Kg3 Ne4+ 28. Kf4 Bg5+ 29. Kg4 Nf2+ 30. Kg3 Ne4+ 31. Kg4 f5+ 32.
Kh5 Nf6+ 33. Bxf6 1-0

[Event "Early-Titled-Tuesday-Blitz-April-02-2024"]
[Site "Chess.com"]
[Date "2024.04.02"]
[Round "8"]
[White "stollenmonster"]
[Black "AjedrezenMadrid"]
[Result "1-0"]
[WhiteElo "2892"]
[BlackElo "2566"]
[TimeControl "180+1"]
[EndTime "9:28:46 PDT"]
[Termination "stollenmonster won by checkmate"]

1. e4 c5 2. Nf3 e6 3. Be2 Nc6 4. c4 g5 5. h3 h5 6. d4 cxd4 7. Nxd4 a6 8. Nc3 Bc5 9. Nb3 Be7 10. Be3 Qc7 11. Qd2 Nf6 12. Rc1 d6 13. Bxg5 Bd7 14.
O-O Rg8 15. h4 Ne5 16. Qf4 Ng6 17. Qe3 Ng4 18. Bxg4 hxg4 19. Bxe7 Kxe7 20. c5 Nxh4 21. Rfd1 d5 22. exd5 Nf3+ 23. gxf3 gxf3+ 24. Kf1 Qh2 25. Qxf3 e5 26. Ke1 Rg1+ 27. Kd2 Rg2 28. d6+ Kf8 29. Ne4 Bg4 30. Qe3 f5 31. Rh1 f4 32. Qe2 Bxe2 33.
Rxh2 Rxh2 34. Kxe2 Kf7 35. Na5 Ke6 36. Nxb7 Kf5 37. Rc4 Rg8 38. d7 Kg4 39. d8=Q Rxd8 40. Nxd8 f3+ 41. Kd2 Kh3 42. c6 Kg2 43. c7 Rh8 44.
c8=Q Rxd8+ 45. Qxd8 Kf1 46. Qg5 a5 47. Rc1# 1-0

[Event "Early-Titled-Tuesday-Blitz-April-02-2024"]
[Site "Chess.com"]
[Date "2024.04.02"]
[Round "8"]
[White "Licancabur"]
[Black "chess_sharparchitect"]
[Result "1-0"]
[WhiteElo "2470"]
[BlackElo "2273"]
[TimeControl "180+1"]
[EndTime "9:28:46 PDT"]
[Termination "Licancabur won on time"]

1. Nf3 d5 2. b3 Nf6 3. Bb2 e6 4. e3 Bd6 5. d4 c5 6. Nbd2 O-O 7. Bd3 Nbd7 8. Ne5 Qc7 9. f4 b6 10. O-O Re8 11. Rf3 Nf8 12. Rh3 g6 13. Qe1 a5 14.
Qh4 Be7 15. Qh6 cxd4 16. Bxd4 Bc5 17. Ndf3 Bxd4 18. exd4 Ba6 19. c4 dxc4 20. bxc4 Rad8 21. Rb1 Re7 22. Rg3 Bb7 23. Qh4 Ne4 24. Ng4 Nxg3 25.
hxg3 Bxf3 26. gxf3 Nd7 27. Kg2 Rde8 28. Rh1 h5 29.
Nh6+ Kg7 30. Ng4 f5 31. Ne3 Nf6 32. Qg5 Rd7 33. g4 Rxd4 34. gxf5 Qxf4 35. Qxg6+ 1-0

[Event "Early-Titled-Tuesday-Blitz-April-02-2024"]
[Site "Chess.com"]
[Date "2024.04.02"]
[Round "8"]
[White "agvania123"]
[Black "joselito22"]
[Result "0-1"]
[WhiteElo "2389"]
[BlackElo "2285"]
[TimeControl "180+1"]
[EndTime "9:28:46 PDT"]
[Termination "joselito22 won on time"]

1. Nc3 g6 2. e4 Bg7 3. g3 c5 4. Bg2 Nc6 5. Nge2 d6 6. O-O e6 7.
d3 Nge7 8. f4 O-O 9. h4 Rb8 10. Be3 Nd4 11. g4 f5 12. g5 b5 13.
Bxd4 cxd4 14. Nb1 Bb7 15. Nd2 Qc7 16. Nb3 e5 17. h5 gxh5 18. Ng3 exf4 19. Nxh5 Ng6 20.
Nxf4 Nxf4 21. Rxf4 fxe4 22. Rxf8+ Rxf8 23. dxe4 Qb6 24. Qd3 b4 25. Rf1 Rxf1+ 26. Bxf1 a5 27. a4 bxa3 28.
bxa3 a4 29. Qc4+ Kf8 30. Qxa4 d3+ 31. Kh2 dxc2 32. Qc4 Qf2+ 33. Kh3 Ke7 34. Bd3 Kd8 35. Qxc2 Bc8+ 0-1

[Event "Early-Titled-Tuesday-Blitz-April-02-2024"]
[Site "Chess.com"]
[Date "2024.04.02"]
[Round "8"]
[White "vladgoncharov"]
[Black "PIwan"]
[Result "1-0"]
[WhiteElo "2585"]
[BlackElo "2447"]
[TimeControl "180+1"]
[EndTime "9:28:47 PDT"]
[Termination "vladgoncharov won on time"]

1. d4 e6 2. c4 d5 3. Nc3 f5 4.
e3 Nf6 5. Nf3 Bd6 6. Bd3 c6 7.
Qc2 O-O 8. O-O Ne4 9. Ne2 Nd7 10.
b3 Rf6 11. Bb2 Rh6 12. g3 Qe8 13. Kg2 Qh5 14. Nf4 Bxf4 15. exf4 Qh3+ 16. Kg1 Ndf6 17. Rfe1 Ng4 18. Bf1 Qh5 19. Bg2 Nxh2 20. Nxh2 Qxh2+ 21. Kf1 Bd7 22. Ba3 Be8 23. Be7 Bh5 24. Bg5 Bf3 25.
Bxf3 Nxg3+ 26. fxg3 Qxc2 27. Bxh6 gxh6 28. cxd5 cxd5 29.
Rac1 Qd3+ 30. Kg2 Qxd4 31. Rc7 Re8 32. Bh5 Rd8 33. Rxe6 Qb2+ 34. Re2 Qf6 35. Ree7 d4 36. Rf7 Qh8 37. Rxf5 d3 38. Bf7+ Kf8 39. Bc4+ Ke8 40. Bb5+ 1-0

[Event "Early-Titled-Tuesday-Blitz-April-02-2024"]
[Site "Chess.com"]
[Date "2024.04.02"]
[Round "8"]
[White "WiktoriaPOL"]
[Black "Joachim100x"]
[Result "0-1"]
[WhiteElo "2333"]
[BlackElo "2545"]
[TimeControl "180+1"]
[EndTime "9:28:50 PDT"]
[Termination "Joachim100x won by resignation"]

1. c4 e6 2. Nc3 d5 3. cxd5 exd5 4.
d4 Nf6 5. Bg5 Be7 6. e3 O-O 7.
Bd3 c6 8. Qc2 Nbd7 9. Nge2 h6 10. Bh4 Re8 11. O-O Ne4 12. Bxe7 Qxe7 13. Nxe4 dxe4 14.
Bc4 Nb6 15. Bb3 Be6 16. Nc3 Bxb3 17. Qxb3 Rad8 18. a4 Nd5 19. Rac1 Kh7 20. Nxd5 Rxd5 21. f3 exf3 22. Rxf3 f5 23. Rcf1 g6 24. h3 h5 25.
Qd3 Qg5 26. Kh2 h4 27. Qb3 Re7 28. Qa3 Re6 29. g4 hxg3+ 30. Rxg3 Qe7 31. Qd3 Re4 32.
Rfg1 Rd6 33. Qa3 Qd7 34. Qc5 a6 35. Qb4 Rde6 36. Qb3 Qe7 37. d5 cxd5 38. Qxd5 Rxe3 39. Rxe3 Rxe3 40. Qc4 Qe5+ 41. Kh1 Rxh3+ 42. Kg2 Qh2+ 43. Kf1 Rf3+ 44. Ke1 Qxg1+ 0-1

[Event "Early-Titled-Tuesday-Blitz-April-02-2024"]
[Site "Chess.com"]
[Date "2024.04.02"]
[Round "8"]
[White "Englishman_18"]
[Black "MathiasWomacka"]
[Result "0-1"]
[WhiteElo "2274"]
[BlackElo "2479"]
[TimeControl "180+1"]
[EndTime "9:28:50 PDT"]
[Termination "MathiasWomacka won on time"]

1. Nf3 c5 2. c4 Nf6 3. Nc3 e6 4. g3 b6 5. Bg2 Bb7 6. O-O Be7 7. b3 O-O 8. e3 d5 9. Bb2 Nc6 10. cxd5 Nxd5 11. Nxd5 Qxd5 12. Nd4 Qd7 13. Nb5 a6 14. Nc3 Bf6 15. Na4 Bxb2 16. Nxb2 Rfd8 17. Nc4 Qc7 18. Qe2 b5 19. Nb2 Ne5 20. f4 Bxg2 21. Qxg2 Ng4 22.
h3 Nf6 23. Rad1 Nd5 24. g4 Rac8 25. Rc1 Qb6 26. g5 Nb4 27. a3 Nd3 28. Nxd3 Rxd3 29. Rc3 Rcd8 30. Rxd3 Rxd3 31. Rc1 g6 32. Rc3 Qd6 33.
Rxd3 Qxd3 34. Qb7 Qxd2 35. Qb8+ Kg7 36. Qe5+ Kf8 37. Qb8+ Ke7 38. Qc7+ Ke8 39. Qc8+ Qd8 40. Qc6+ Qd7 41. Qxc5 Qd1+ 42. Kf2 Qxb3 0-1

[Event "Early-Titled-Tuesday-Blitz-April-02-2024"]
[Site "Chess.com"]
[Date "2024.04.02"]
[Round "8"]
[White "Mikhail_Golubev"]
[Black "scarabee43"]
[Result "0-1"]
[WhiteElo "2624"]
[BlackElo "2815"]
[TimeControl "180+1"]
[EndTime "9:28:51 PDT"]
[Termination "scarabee43 won on time"]

1. e4 c5 2. Nf3 e6 3. d4 cxd4 4. Nxd4 Nc6 5. Nc3 Qc7 6. Be3 a6 7. a3 Nf6 8. f4 d6 9. Qf3 Bd7 10. O-O-O Be7 11. Rg1 Nxd4 12. Bxd4 e5 13. fxe5 dxe5 14.
Qg3 Ng4 15. Nd5 Bg5+ 16. Kb1 Qc6 17. Bxe5 O-O 18. Bc3 Qh6 19. h3 Bh4 20. Qc7 Nf2 21. Ne7+ Bxe7 22. Rxd7 Rac8 23. Qe5 Bf6 24. Qf5 Bxc3 25.
Qxf2 Qc6 26. Rd5 Bf6 27. Bd3 Rfe8 28. Rf1 Rc7 29. Rf5 Qd6 30. g4 Bd4 31. Qf4 Qb6 32. b3 f6 33. g5 Be5 34. Qf2 Qd6 35.
gxf6 gxf6 36. Rxf6 Bxf6 37. Qxf6 Qxf6 38. Rxf6 Rf8 39.
Rd6 Re7 40. h4 Rf4 41. h5 Kf7 42. h6 Ke8 43. Kb2 Rh4 44. a4 Re5 0-1

[Event "Early-Titled-Tuesday-Blitz-April-02-2024"]
[Site "Chess.com"]
[Date "2024.04.02"]
[Round "8"]
[White "Let_it_be_1"]
[Black "NikitaShnadrygin"]
[Result "1/2-1/2"]
[WhiteElo "2562"]
[BlackElo "2675"]
[TimeControl "180+1"]
[EndTime "9:28:53 PDT"]
[Termination "Game drawn - insufficient material"]

1. e4 c5 2. Nf3 e6 3. d4 cxd4 4.
Nxd4 Nf6 5. Nc3 Nc6 6. Ndb5 Bb4 7. a3 Bxc3+ 8. Nxc3 d5 9. exd5 exd5 10. Bd3 O-O 11.
O-O Bg4 12. f3 Bh5 13. Bg5 Qb6+ 14. Kh1 Ne4 15. Nxe4 dxe4 16. Bxe4 Qxb2 17. Qb1 Qb6 18.
Qxb6 axb6 19. Rfb1 Bg6 20. Bxg6 hxg6 21. Rxb6 Na5 22.
h4 Rfe8 23. Rc1 Ra7 24. c4 Nc6 25. Rc2 Nd4 26. Rd2 Ne6 27. Rd7 Rxa3 28. Rdxb7 f6 29. Rb8 Rxb8 30. Rxb8+ Kf7 31. Rb7+ Ke8 32. Bd2 Ra1+ 33.
Kh2 Ra2 34. Bb4 Nf4 35. Re7+ Kd8 36. Rxg7 Rxg2+ 37. Kh1 Rg3 38. Be7+ Ke8 39. Bxf6 Rxf3 40. Bg5 Kf8 41. Bh6 Ke8 42. c5 Rh3+ 43. Kg1 Rxh4 44.
Bxf4 Rxf4 45. Rxg6 Rc4 46. c6 Kd8 47. Kf2 Kc7 48.
Ke3 Rxc6 49. Rxc6+ Kxc6 1/2-1/2

[Event "Early-Titled-Tuesday-Blitz-April-02-2024"]
[Site "Chess.com"]
[Date "2024.04.02"]
[Round "8"]
[White "only_strong_moves"]
[Black "Msb2"]
[Result "0-1"]
[WhiteElo "2739"]
[BlackElo "3020"]
[TimeControl "180+1"]
[EndTime "9:28:54 PDT"]
[Termination "Msb2 won by resignation"]

1. Nc3 d5 2. e4 e6 3. d4 Nf6 4. e5 Nfd7 5. Nce2 c5 6. c3 Nc6 7. f4 Be7 8. Nf3 O-O 9. g3 b5 10.
Bg2 a5 11. O-O b4 12. g4 f6 13. f5 fxe5 14. fxe6 Nf6 15. Nxe5 Nxe5 16. dxe5 Nxg4 17. Rxf8+ Qxf8 18. Nf4 Bxe6 19. h3 Nf2 20. Kxf2 g5 21. Bxd5 Bxd5 22. Qxd5+ Kh8 23. e6 gxf4 24. Qe5+ Bf6 25.
Qe4 Bg5 26. Qe5+ Bf6 27. Qe4 bxc3 28. bxc3 Bxc3 29. Rb1 Re8 30. Rb7 Bd4+ 31. Kf3 Qh6 32. Bxf4 Qxh3+ 33. Ke2 Rxe6 34. Rxh7+ Kg8 35. Rxh3 Rxe4+ 36.
Kf3 Re1 37. Rh2 a4 38. Rc2 Kf7 39. Bc1 Ke6 40. Bd2 Rh1 41. Ke4 Rh4+ 42. Kd3 Kd5 43. Rc1 c4+ 44. Kc2 Rh2 45. Re1 c3 0-1

[Event "Early-Titled-Tuesday-Blitz-April-02-2024"]
[Site "Chess.com"]
[Date "2024.04.02"]
[Round "8"]
[White "lamomiajunior"]
[Black "Kostya0705"]
[Result "1-0"]
[WhiteElo "2702"]
[BlackElo "2554"]
[TimeControl "180+1"]
[EndTime "9:28:54 PDT"]
[Termination "lamomiajunior won by resignation"]

1. d4 Nf6 2. c4 e6 3. Nc3 Bb4 4. e3 O-O 5. Bd2 d5 6. Nf3 c5 7. a3 Bxc3 8. Bxc3 cxd4 9. Nxd4 b6 10. Be2 Bb7 11. O-O Nbd7 12. Nf3 Rc8 13. cxd5 Nxd5 14.
Bd4 Qe7 15. b4 e5 16. Bb2 Rfd8 17. Qb3 h6 18. Rfd1 e4 19. Nd4 Ne5 20. Nf5 Qe6 21.
Ng3 f5 22. Rac1 Rxc1 23. Rxc1 g5 24. Nh5 f4 25. exf4 gxf4 26. Nxf4 Nxf4 27. Qxe6+ Nxe6 28. Bxe5 Rd2 29. Bc4 Kf7 30. Bc3 Rd6 31. Be5 Rd2 32. Kf1 Ke7 33. Ke1 Rd8 34. Be2 Rg8 35. g3 Rg5 36. Bf4 Rg6 37. Be3 Kd6 38. Bc4 Ke5 39. Rd1 Rg7 40. Bc1 Rc7 41. Bb2+ Kf5 42. g4+ Kf4 43.
Bxe6 e3 44. Bd4 e2 45. Be3+ Ke5 46. Rd7 Rc2 47. Bf5 1-0

[Event "Early-Titled-Tuesday-Blitz-April-02-2024"]
[Site "Chess.com"]
[Date "2024.04.02"]
[Round "8"]
[White "kachsona"]
[Black "viktorgen2021"]
[Result "1-0"]
[WhiteElo "2611"]
[BlackElo "2500"]
[TimeControl "180+1"]
[EndTime "9:28:56 PDT"]
[Termination "kachsona won on time"]

1. e4 g6 2. d4 Bg7 3. Nc3 d6 4.
Be3 c6 5. Qd2 Nd7 6. a4 Ngf6 7. f3 O-O 8. g4 e5 9. Nge2 d5 10. g5 Nh5 11. exd5 cxd5 12. Nxd5 exd4 13. Bxd4 Bxd4 14. Qxd4 Qxg5 15. Rg1 Qd8 16. O-O-O Ndf6 17. f4 Be6 18. Nxf6+ Qxf6 19. Bg2 Rad8 20. Qxf6 Nxf6 21. Bxb7 Rb8 22. Bf3 Rfc8 23. Rd4 Rb3 24. Nc3 Rbxc3 25. bxc3 Rxc3 26. Rg3 Bf5 27. Bd1 Rc7 28. Kb2 Ne4 29. Re3 Nc5 30. Rc4 Rb7+ 31. Kc3 Nd7 32. Bf3 Rb1 33. a5 Be6 34. Rc7 Nf6 35. Rxa7 Bf5 36. Rc7 Rc1 37. Kb2 Rf1 38. a6 Kg7 39. a7 Rf2 40. a8=Q h5 41. Qa7 Kh6 42. Rec3 1-0

[Event "Early-Titled-Tuesday-Blitz-April-02-2024"]
[Site "Chess.com"]
[Date "2024.04.02"]
[Round "8"]
[White "Brahianzevich"]
[Black "djano"]
[Result "0-1"]
[WhiteElo "2541"]
[BlackElo "2667"]
[TimeControl "180+1"]
[EndTime "9:28:58 PDT"]
[Termination "djano won on time"]

1. e4 c5 2. Nf3 g6 3. d4 cxd4 4. Nxd4 Nf6 5. Nc3 Nc6 6. Nde2 b5 7. g3 b4 8. Nd5 Nxe4 9. Bg2 Nf6 10. Nxf6+ exf6 11.
O-O Bg7 12. Nd4 Bb7 13. Re1+ Kf8 14. Nb5 d5 15. Bf4 Ne5 16. Qd4 a5 17. Rad1 Rc8 18. Re2 h5 19. Bxd5 Bxd5 20. Qxd5 Qxd5 21. Rxd5 Kg8 22.
Na7 Rc7 23. Rxa5 Kh7 24. Nb5 Rc5 25. a4 bxa3 26. bxa3 Nf3+ 27. Kg2 Nd4 28. Re7 Rxb5 29. Rxb5 Nxb5 30. a4 Nc3 31. Rxf7 Nxa4 32. Rc7 g5 33. Bd6 Kg6 34. h3 Rd8 35. Be7 Rd2 36. c4 Nc3 37. Kf3 Nd1 38. Bc5 Rc2 39. Bb6 Nb2 40. c5 Nd3 41. c6 Ne5+ 42. Ke4 Rxc6 43. Rxc6 Nxc6 44. Kd5 Ne7+ 45. Ke6 Nf5 46. Bc5 Nh6 47. f3 Nf5 48.
Bf2 h4 49. g4 Ng3 50. Kd5 Ne2 0-1

[Event "Early-Titled-Tuesday-Blitz-April-02-2024"]
[Site "Chess.com"]
[Date "2024.04.02"]
[Round "8"]
[White "lcmil"]
[Black "DeArron_Fox"]
[Result "0-1"]
[WhiteElo "2288"]
[BlackElo "2506"]
[TimeControl "180+1"]
[EndTime "9:28:58 PDT"]
[Termination "DeArron_Fox won by resignation"]

1. e4 c5 2. Nf3 e6 3. d4 cxd4 4.
Nxd4 a6 5. Nc3 b5 6. Bd3 Bb7 7. O-O Nc6 8. Be3 Nf6 9. Qe2 Qc7 10. f4 Bc5 11. Nb3 Bxe3+ 12. Qxe3 d6 13. Bxb5 axb5 14. Nxb5 Qd8 15. Rfd1 Ng4 16. Qe2 Qb6+ 17. Kf1 Ne3+ 18. Ke1 Nxd1 19. Nxd6+ Ke7 20. Rxd1 Rhd8 21. e5 Qb4+ 22. c3 Qxf4 23. Nxb7 Rxd1+ 24. Qxd1 Qxe5+ 25. Kf1 Qxh2 26. Qg4 Qc7 27. Qg5+ Kf8 28. Qc5+ Kg8 29. Nd6 Rd8 30. Nb5 Qd7 31. N5d4 Nxd4 32. cxd4 Qa4 33. Qc7 Rf8 34. Na5 Qxa2 35. Qc3 h6 36. b4 Qb1+ 37. Kf2 Qf5+ 38. Kg1 e5 39. dxe5 Rc8 40. Nc6 Kh7 41. b5 Qb1+ 42. Kh2 Qxb5 43. Qc2+ Kh8 44. Nd4 Rxc2 45.
Nxb5 Re2 46. Nd6 Kg8 47. Nc4 Re4 48. Nd6 Rxe5 49. Nb7 Rd5 50. Nd8 Rxd8 0-1

[Event "Early-Titled-Tuesday-Blitz-April-02-2024"]
[Site "Chess.com"]
[Date "2024.04.02"]
[Round "8"]
[White "HanSchut"]
[Black "kleber2007"]
[Result "0-1"]
[WhiteElo "2262"]
[BlackElo "2461"]
[TimeControl "180+1"]
[EndTime "9:28:58 PDT"]
[Termination "kleber2007 won on time"]

1. e4 c6 2. d4 d5 3. e5 Bf5 4. h4 Qc7 5. c4 e6 6. Nc3 h6 7.
g4 Bh7 8. Nf3 Ne7 9. cxd5 Nxd5 10.
Bd3 Bxd3 11. Qxd3 Nd7 12. h5 Bb4 13. g5 c5 14. a3 cxd4 15. axb4 dxc3 16. bxc3 Nxe5 17.
Nxe5 Qxe5+ 18. Kf1 hxg5 19. Bb2 Nf4 20. Qf3 Qd5 21. Qxd5 exd5 22. c4 Rxh5 23. Rxh5 Nxh5 24. cxd5 Kd7 25. Bd4 a6 26. Bc5 Nf4 27. Rd1 Rh8 28. Kg1 f6 29. d6 Ne6 30. Re1 Rh4 31. Kg2 b6 32. Bxb6 Rxb4 33. Be3 Rg4+ 34. Kf3 Rh4 35. Ra1 Kxd6 36. Rxa6+ Ke7 37. Ra7+ Kd6 38. Ra6+ Ke7 39. Ra7+ Ke8 40. Ra6 Kf7 41. Ra7+ Kg6 42. Re7 Nd4+ 43.
Kg2 Rg4+ 44. Kf1 Nf5 0-1

[Event "Early-Titled-Tuesday-Blitz-April-02-2024"]
[Site "Chess.com"]
[Date "2024.04.02"]
[Round "8"]
[White "Boxerandchessplayer"]
[Black "Bob_2004"]
[Result "0-1"]
[WhiteElo "2217"]
[BlackElo "2365"]
[TimeControl "180+1"]
[EndTime "9:28:58 PDT"]
[Termination "Bob_2004 won by resignation"]

1. d4 Nf6 2. c4 e6 3. Nc3 c5 4. d5 exd5 5. cxd5 d6 6. e4 g6 7. Nge2 Bg7 8. Ng3 O-O 9. Be2 Na6 10. Bg5 h6 11. Be3 Nc7 12. Qd2 Kh7 13. O-O Bd7 14. a4 Rb8 15. f4 Re8 16. h3 a6 17. a5 b5 18. axb6 Rxb6 19. Bc4 Bb5 20. Ba2 Bxf1 21. Rxf1 Qb8 22. e5 Rxb2 23. Qd3 dxe5 24. fxe5 Rxe5 25. Bf4 Ncxd5 26. Bxd5 Nxd5 27. Nxd5 Rxd5 28. Qxd5 Bd4+ 29. Kh1 Qb3 30. Qd8 Qc2 31. Qd5 Qb3 32. Qxb3 Rxb3 33. Ne4 f5 34. Nd6 Rb2 35. Bh2 Ra2 36. Bg1 Ra1 37.
Nc4 Rxf1 0-1

[Event "Early-Titled-Tuesday-Blitz-April-02-2024"]
[Site "Chess.com"]
[Date "2024.04.02"]
[Round "8"]
[White "colegiodemadrid"]
[Black "dealshark"]
[Result "1-0"]
[WhiteElo "2512"]
[BlackElo "2319"]
[TimeControl "180+1"]
[EndTime "9:28:59 PDT"]
[Termination "colegiodemadrid won by resignation"]

1. e4 c5 2. Be2 Nc6 3. f4 Nf6 4.
d3 d5 5. Nc3 dxe4 6. dxe4 Qxd1+ 7. Bxd1 e5 8. Nf3 Bd6 9. f5 a6 10. h3 b5 11. Be3 b4 12. Nd5 Nxe4 13. g4 h5 14. Rg1 hxg4 15. hxg4 Bb7 16. Nb6 Rd8 17.
Nc4 Rh3 18. Be2 Nd4 19. Bxd4 exd4 20. Nxd6+ Rxd6 21. O-O-O Kd8 22. Ne5 Ng5 23. Bc4 f6 24. Ng6 Kc7 25. Rge1 Rd7 26. Nf8 Nf3 27. Re8 Ne5 28.
Bf1 Re3 29. Nxd7 Kxd7 30. Rg8 Bf3 31. Rxg7+ Kd6 32. Bxa6 Bxd1 33. Kxd1 c4 34. Bb7 d3 35.
cxd3 cxd3 36. g5 Nc4 37. b3 Nb2+ 38. Kc1 Re1+ 39. Kxb2 d2 40. Bf3 Rf1 41. Bg4 Rf2 42.
Kc2 fxg5 43. Rg6+ Ke5 44. Rxg5 Rg2 45. Rg6 d1=Q+ 46. Kxd1 Rxa2 47. f6 Rb2 48. f7 Rf2 49.
Rg5+ Kd6 50. Rf5 1-0

[Event "Early-Titled-Tuesday-Blitz-April-02-2024"]
[Site "Chess.com"]
[Date "2024.04.02"]
[Round "8"]
[White "SaqoChess_Twitch"]
[Black "Onischuk_V"]
[Result "0-1"]
[WhiteElo "2692"]
[BlackElo "2828"]
[TimeControl "180+1"]
[EndTime "9:29:01 PDT"]
[Termination "Onischuk_V won by resignation"]

1. d4 d6 2. c4 e5 3. e3 Nc6 4. dxe5 dxe5 5. Qxd8+ Nxd8 6. Nc3 c6 7. Bd2 Be6 8.
O-O-O f6 9. f4 Nf7 10. Nf3 exf4 11. exf4 O-O-O 12. Be2 Nd6 13. b3 Bf5 14. Be3 Rd7 15.
Bxa7 Nh6 16. c5 Ne4 17. Nxe4 Bxe4 18. Rxd7 Kxd7 19. Rd1+ Ke6 20. Bc4+ Kf5 21. Rd8 Bxc5 22. Nh4+ Kg4 23. Rxh8 Bxa7 24. g3 Kh3 25. Be6+ Kxh2 26. g4 Be3+ 27. Kb2 Bxf4 28. Nf5 Nxg4 29. Rxh7+ Nh6 30.
Rh8 Bxf5 31. Bxf5 Kg3 32. Bg6 f5 33. a4 Be5+ 34. Kc2 f4 35. Re8 Ng4 36. Bh5 Bf6 37.
Bxg4 Kxg4 38. Kd2 Kf3 39. Ke1 g5 40. Rb8 g4 41. Rxb7 g3 42. Rd7 Ke3 43. Rd6 g2 44. Re6+ Kf3 45. Rxf6 g1=Q+ 46. Kd2 Qd4+ 47. Kc2 Qxf6 0-1

[Event "Early-Titled-Tuesday-Blitz-April-02-2024"]
[Site "Chess.com"]
[Date "2024.04.02"]
[Round "8"]
[White "MatthewG-p4p"]
[Black "MasterKroket"]
[Result "1/2-1/2"]
[WhiteElo "2855"]
[BlackElo "2571"]
[TimeControl "180+1"]
[EndTime "9:29:02 PDT"]
[Termination "Game drawn by repetition"]

1. e4 e5 2. Nf3 Nc6 3. d4 exd4 4.
c3 Nf6 5. e5 Nd5 6. cxd4 d6 7.
Bb5 Bd7 8. O-O Be7 9. exd6 cxd6 10.
Nc3 Nc7 11. Bd3 O-O 12. h3 Bf6 13. Re1 Nb4 14. Be4 Bc6 15. Bf4 Nbd5 16. Bg3 Re8 17. Qc2 g6 18. a3 Rc8 19. Nxd5 Nxd5 20. Qb3 Nb6 21. Bxc6 Rxc6 22. Rxe8+ Qxe8 23. d5 Rc5 24. Bxd6 Rxd5 25. Bb4 Qa4 26. Re1 Rd8 27. Qxa4 Nxa4 28.
b3 Nb6 29. Bc5 h6 30. a4 Rd3 31. Re8+ Kg7 32. a5 Nd7 33. Bxa7 Rxb3 34. Be3 Rb5 35. Ra8 Ne5 36. Nd4 Rb1+ 37. Kh2 Nc4 38. Nc2 Be5+ 39. g3 Nxe3 40. Nxe3 Rb2 41. Kg1 Bd4 42. Rb8 Bxe3 43. fxe3 Ra2 44. Rxb7 Rxa5 45. Kf2 Ra2+ 46. Kf3 Ra3 47.
Kf2 Ra2+ 48. Kf3 Ra3 49. Kf2 Ra2+ 1/2-1/2

[Event "Early-Titled-Tuesday-Blitz-April-02-2024"]
[Site "Chess.com"]
[Date "2024.04.02"]
[Round "8"]
[White "Happy1712Drummer"]
[Black "Mariia89"]
[Result "1-0"]
[WhiteElo "2476"]
[BlackElo "2273"]
[TimeControl "180+1"]
[EndTime "9:29:02 PDT"]
[Termination "Happy1712Drummer won on time"]

1. e4 c6 2. d4 d5 3. Nc3 dxe4 4. Nxe4 Nf6 5. Nxf6+ exf6 6. Be2 Be7 7. Bf3 Bf5 8.
Ne2 O-O 9. O-O Na6 10. c4 Nc7 11. Be3 Qd7 12. Nc3 Rfe8 13. Qb3 Ne6 14. Rfd1 Ng5 15.
Be2 Ne4 16. d5 Nxc3 17. Qxc3 c5 18. a3 Bd6 19. Bf3 Rac8 20. Rac1 Bg4 21. Bxg4 Qxg4 22. b4 b6 23. bxc5 bxc5 24. Rb1 Re4 25. f3 Rxc4 26. Qd3 Qh4 27. h3 Ra4 28. Bf2 Qg5 29. Re1 c4 30. Qe4 h5 31. Rb7 c3 32. Qxa4 c2 33. Be3 Qg3 34. Rc1 Qh2+ 35. Kf1 Qh1+ 36. Kf2 Qh2 37. Qd7 Bg3+ 38. Kf1 Qh1+ 39. Bg1 1-0

[Event "Early-Titled-Tuesday-Blitz-April-02-2024"]
[Site "Chess.com"]
[Date "2024.04.02"]
[Round "8"]
[White "Louis-Paulsen-Fan"]
[Black "Aureliano-Buendia"]
[Result "1-0"]
[WhiteElo "2299"]
[BlackElo "2463"]
[TimeControl "180+1"]
[EndTime "9:29:04 PDT"]
[Termination "Louis-Paulsen-Fan won by resignation"]

1. d4 d6 2. Nf3 Nf6 3. c4 Nbd7 4.
Bf4 g6 5. h3 Bg7 6. Nc3 O-O 7.
e3 c6 8. Be2 Qe8 9. O-O e5 10.
Bh2 Qe7 11. c5 dxc5 12. Nxe5 cxd4 13. exd4 Nb6 14. Bf3 Be6 15. Re1 Qb4 16. Qd2 Nc4 17.
Nxc4 Bxc4 18. Be5 Be6 19. Rad1 Nd7 20. Bxg7 Kxg7 21. d5 cxd5 22. Bxd5 Bxd5 23. Qxd5 Nf6 24. Qd4 Qxb2 25. Re7 Rad8 26. Qe3 Rxd1+ 27. Nxd1 Qxa2 28.
Nc3 Qa1+ 29. Kh2 b6 30. g4 h6 31. Qe5 Qb2 32. Kg2 Qd2 33. h4 Rc8 34. g5 hxg5 35.
hxg5 Qxc3 36. gxf6+ Kg8 37. Re8+ Rxe8 38. Qxc3 Re6 39.
Kg3 a5 40. Kg4 Rd6 41. Kg5 Rd5+ 42. Kg4 Rf5 43. Qc8+ Kh7 44. Qd8 Re5 45. Qf8 Re4+ 46. Kf3 1-0

[Event "Early-Titled-Tuesday-Blitz-April-02-2024"]
[Site "Chess.com"]
[Date "2024.04.02"]
[Round "8"]
[White "KuzubovYuriy"]
[Black "Lukianoo"]
[Result "0-1"]
[WhiteElo "2912"]
[BlackElo "2841"]
[TimeControl "180+1"]
[EndTime "9:29:05 PDT"]
[Termination "Lukianoo won by checkmate"]

1. d4 Nf6 2. c4 e6 3. Nf3 Bb4+ 4.
Bd2 a5 5. g3 O-O 6. Bg2 d5 7.
Qc1 Be7 8. O-O c6 9. Bf4 Nbd7 10. Rd1 a4 11. Ne5 Qa5 12. Nd2 Nxe5 13. dxe5 Nd7 14. Nf3 Nb6 15. cxd5 cxd5 16. Bd2 Qa6 17. Bf1 Bd7 18.
Nd4 Rac8 19. Bc3 a3 20. b3 Rc7 21. Qe3 Rfc8 22. Rac1 Be8 23. Be1 Nd7 24. Rxc7 Rxc7 25. Kg2 h6 26. h4 Rc8 27. Bd2 b6 28. f4 Qb7 29. Rc1 Nc5 30. Bb4 Qa8 31. Kh2 Bf8 32.
Qg1 Ne4 33. Rxc8 Qxc8 34. Bxf8 Kxf8 35. Bg2 Nc3 36. Qc1 Qc5 37. Nc2 Nxe2 38. Qxa3 Nc3 39. Qxc5+ bxc5 40. a3 d4 41. Bf1 Bc6 42. b4 Be4 43.
Ne1 cxb4 44. axb4 Ke8 45. Kg1 Kd7 46. Kf2 Kc6 47. Nf3 Kd5 48. Nd2 d3 49. Ke3 Nd1# 0-1

[Event "Early-Titled-Tuesday-Blitz-April-02-2024"]
[Site "Chess.com"]
[Date "2024.04.02"]
[Round "8"]
[White "Felix-Rose"]
[Black "bazar-wokzal"]
[Result "0-1"]
[WhiteElo "2334"]
[BlackElo "2561"]
[TimeControl "180+1"]
[EndTime "9:29:05 PDT"]
[Termination "bazar-wokzal won by checkmate"]

1. e4 Nc6 2. Nf3 d5 3. exd5 Qxd5 4. Nc3 Qa5 5. d4 Bg4 6. Bb5 O-O-O 7. Bxc6 bxc6 8. h3 Qh5 9. Be3 e5 10. Qd3 Bxf3 11.
Qa6+ Kd7 12. gxf3 Qxf3 13. Rg1 exd4 14. Bxd4 Re8+ 15. Be3 Bd6 16. Qxa7 Nf6 17. Qd4 Rxe3+ 18. fxe3 Re8 19. Kd2 Ne4+ 20. Nxe4 Rxe4 21. Qd3 Rxe3 22.
Qf1 Qe4 23. Re1 Bf4 24. Qxf4 Qxf4 25. Rxe3 g6 26. Re1 f5 27. Kd1 Kc8 28. b3 Kb7 29.
Kc1 g5 30. Kb2 g4 31. hxg4 fxg4 32. Re7 h5 33. a4 h4 34. R7e4 Qf6+ 35. Ka2 g3 36. Rg4 Qf2 37. Ree4 Qxc2+ 38. Ka3 Qc1+ 39. Kb4 Qd2+ 40. Ka3 g2 41. Rxh4 g1=Q 42. Rb4+ Ka6 43. Rbc4 Qa1# 0-1